 Dungeon Crawl Stone Soup version 0.30-a0-365-ge7f957f1db (webtiles) character file.

Game seed: 9727605016672265298

31 jfcaron the Chopper (level 3, 0/30 HPs)
             Began as a Meteoran Reaver on Nov 17, 2022.
             Succumbed to an adder's poison
             ... on level 1 of the Dungeon.
             The game lasted 00:02:49 (344 turns).

jfcaron the Chopper (Meteoran Reaver)                Turns: 344, Time: 00:02:50

Health: 0/30       AC:  3    Str: 16    XL:     3   Next: 61%
Magic:  8/8        EV: 11    Int: 14    God:
Gold:   43         SH:  3    Dex: 12    Spells: 6/7 levels left

rFire   . . .      SeeInvis .    a - +0 hand axe
rCold   . . .      Faith    .    e - +0 buckler
rNeg    . . .      Spirit   .    b - +0 leather armour
rPois   .          Reflect  .    (no helmet)
rElec   .          Harm     .    (no cloak)
rCorr   .          Rampage  .    (no gloves)
Will    .....                    (no boots)
Stlth   +.........               (no amulet)
HPRegen 0.25/turn                (no ring)
MPRegen 0.11/turn                (no ring)

@: lethally poisoned (0 -> -3), glowing
A: sense surroundings 1, otherworldly, glowing, explore regen
a: no special abilities


You were on level 1 of the Dungeon.
You visited 1 branch of the dungeon, and saw 2 of its levels.

You collected 43 gold pieces.

Inventory:

Hand Weapons
 a - a +0 hand axe (weapon)
Missiles
 c - 3 stones
Armour
 b - a +0 leather armour (worn)
 e - a +0 buckler (worn)
Magical Staves
 d - a staff of death
Scrolls
 g - a scroll of poison


   Skills:
 + Level 2.7 Fighting
 + Level 4.0 Axes
 + Level 1.3 Armour
 + Level 2.9 Dodging
 + Level 0.4 Shields
 - Level 2.6 Spellcasting
 - Level 3.6 Conjurations
 + Level 0.2 Evocations


You had 6 spell levels left.
You knew the following spells:

 Your Spells              Type           Power      Damage    Failure   Level
a - Kiss of Death         Conj/Necr      24%        2d7       19%         1

Your spell library contained the following spells:

 Spells                   Type           Power      Damage    Failure   Level
 Momentum Strike          Conj/Tloc      12%        3d8       26%         2
 Hailstorm                Conj/Ice       6%         3d4       47%         3


Dungeon Overview and Level Annotations

Branches:
Dungeon (2/15) Zot: 844

Altars:


Innate Abilities, Weirdness & Mutations

You passively map a small area around you.
You are easily found by Zot.
You glow in the dark.
You regain HP and MP as you explore.


Message History

You are frozen.
Unknown command.
You hit the adder but do no damage.
The adder is heavily wounded.
You hit the endoplasm.
You kill the endoplasm!
You feel sick. The adder bites you. x2
You closely miss the adder.
The adder is heavily wounded.
You feel sick. The adder bites you.
You are more poisoned.
The adder poisons you!
You hit the adder.
The adder is almost dead.
* * * LOW HITPOINT WARNING * * *
You feel very sick. The adder bites you.
* * * LOW HITPOINT WARNING * * *
The adder misses you.
You aren't carrying any potions.
You miss the adder.
The adder is almost dead.
* * * LOW HITPOINT WARNING * * *
You feel sick. The adder bites you.
* * * LOW HITPOINT WARNING * * *
Unknown command.
You hit the adder.
You kill the adder!
* * * LOW HITPOINT WARNING * * *
You feel sick.
Okay, then.
Unknown command.
Unknown command.
Unknown command.
Unknown command.
* * * LOW HITPOINT WARNING * * *
You feel sick.
* * * LOW HITPOINT WARNING * * *
You feel sick.
You die...

#........# *
#...##.#.#
#...# # ,
#...# .#
#...##.#
#>...#.#
#..#.#.# *
#......####.
#@.........#
#..#..#####
#..##.#
#..##.###
#.......#
##.##.#.#
#.##.#.#
#.##.#.# ,,
#.#.#


There were no monsters in sight!

Vanquished Creatures
  A gnoll (D:1)
  An adder (D:1)
  A dart slug (D:1)
  An endoplasm (D:1)
  2 giant cockroaches (D:1)
  A goblin (D:1)
  A hobgoblin (D:1)
  A quokka (D:1)
  A ball python (D:1)
  A bat (D:1)
11 creatures vanquished.

Notes
Turn   | Place    | Note
-------+----------+-------------------------------------------
     0 | D:1      | jfcaron the Meteoran Reaver began the quest for the Orb.
     0 | D:1      | Reached XP level 1. HP: 17/17 MP: 5/5
   193 | D:1      | Reached XP level 2. HP: 24/25 MP: 6/6
   223 | D:1      | Reached skill level 1 in Armour
   223 | D:1      | Reached XP level 3. HP: 15/30 MP: 8/8
   304 | D:1      | Reached skill level 4 in Axes
   339 | D:1      | HP: 6/30 [adder (3)]
   341 | D:1      | HP: 2/30 [poisoned by an adder]
   344 | D:1      | Succumbed to an adder's poison

Illustrated notes

Levels and vault maps discovered:
D:1:      reono_arrival_forest_river, layout_loops_ring, nicolae_grassy_gnolls
D:2:      layout_rooms, uniq_jessica

Skill      XL: |  1  2  3 |
---------------+----------+-----
Armour         | 1 |  1.3
Axes           | 4 |  4.0
Fighting       | |  2.7
Dodging        | |  2.9
Shields        | |  0.4
Spellcasting   | |  2.6
Conjurations   | |  3.6
Evocations     | |  0.2

Action                   || total
-------------------------++-------
Melee: Hand axe          ||    63
  Use: Potion            ||     1
       Scroll            ||     1
Armor: Leather armour    ||     7
       Skin              ||    14
Dodge: Dodged            ||    14

Table legend: (Time is in decaauts)
 A = Elapsed time spent in this place.
 B = Non-inter-level travel time spent in this place.
 C = Inter-level travel time spent in this place.
 D = Time resting spent in this place.
 E = Time spent auto-exploring this place.
 F = Levels seen in this place.
 G = Mean time per level.
                   A        B        C        D        E       F      G
               +--------+--------+--------+--------+--------+-----+--------+
         Total |    355 |    348 |      7 |     25 |    148 |   2 |  177.5 |
       Dungeon |    355 |    348 |      7 |     25 |    148 |   2 |  177.5 |
               +--------+--------+--------+--------+--------+-----+--------+

Top non-repeatable levels by time:
     D:1: 352 daAuts
     D:2: 2 daAuts
